 Dungeon Crawl Stone Soup version 0.31-a0-700-gf13585253f (webtiles) character file.

Game seed: 12162118074062758731

49 Ofeo the Ducker (level 3, 29/29 HPs)
             Began as a Demonspawn Wanderer on Sept 8, 2023.
             Quit the game on level 2 of the Dungeon.
             The game lasted 00:01:49 (1021 turns).

Ofeo the Ducker (Demonspawn Wanderer)               Turns: 1021, Time: 00:01:49

Health: 29/29      AC:  8    Str: 16    XL:     3   Next: 53%
Magic:  4/4        EV: 12    Int: 13    God:
Gold:   85         SH:  0    Dex: 10    Spells: 4/4 levels left

rFire   . . .        j - +0 mace
rCold   . . .        (no shield)
rNeg    . . .        d - +2 leather armour
rPois   .            g - +0 helmet
rElec   .            (no cloak)
rCorr   .            (no gloves)
SInv    .            (no boots)
Will    .....        (no amulet)
Stlth   +            (no ring)
HPRegen 0.24/turn    (no ring)
MPRegen 0.09/turn

%: no passive effects
@: no status effects
A: hooves 1, yellow scales 1
a: no special abilities


You were on level 2 of the Dungeon.
You visited 1 branch of the dungeon, and saw 2 of its levels.

You collected 85 gold pieces.

Inventory:

Hand Weapons
 a - a +0 club
 j - a +0 mace (weapon)
Missiles
 f - 5 boomerangs (quivered)
Armour
 d - a +2 leather armour (worn)
 g - a +0 helmet (worn)
Jewellery
 e - a ring of protection from cold
 h - a ring of magical power
 k - a ring of protection from cold
Scrolls
 b - a scroll of noise
 c - a scroll of blinking {@r4}
 i - a scroll of immolation
Potions
 q - 3 potions of curing {@q1}


   Skills:
 + Level 3.2 Fighting
 - Level 1.0 Throwing
 - Level 3.6 Dodging
 - Level 1.0 Spellcasting
 - Level 2.6 Transmutations
 - Level 1.0 Evocations


You had 4 spell levels left.
You didn't know any spells.
Your spell library contained the following spells:

 Spells                   Type           Power      Damage    Failure   Level
 Wereblood                Tmut           7%         N/A       17%         2
 Passwall                 Tmut/Erth      3%         N/A       30%         2


Dungeon Overview and Level Annotations

Branches:
Dungeon (2/15)

Altars:

Annotations:
D:1 1 runed translucent door


Innate Abilities, Weirdness & Mutations

You have large cloven feet.
You are partially covered in yellow scales. (AC +2)


Message History

The adder is severely wounded.
The adder misses you. x2
You barely miss the adder. You kick the adder, but do no damage.
The adder is severely wounded.
The adder closely misses you. The adder barely misses you.
You miss the adder.
The adder is severely wounded.
The adder bites you.
You are poisoned.
The adder poisons you!
You take 2 damage, and have 26/29 hp.
You barely miss the adder.
The adder is severely wounded.
You feel sick. The adder bites you but does no damage.
The adder barely misses you.
You take 2 damage, and have 24/29 hp.
You miss the adder. You kick the adder.
The adder is almost dead.
You feel sick. The adder misses you. The adder closely misses you.
An adder is nearby!
An adder is nearby!
An adder is nearby!
You miss the adder. You kick the adder.
You kill the adder!
You feel sick.
You take 2 damage, and have 22/29 hp.
No target in view!
No target in view!
You feel sick.
You are no longer poisoned.
You see here an adder corpse.
You see here an adder corpse.
A bat comes into view.
The bat closely misses you.
Health restored: 29 A bat is nearby!
A bat is nearby!
You hit the bat but do no damage. The bat hits you but does no damage.
The bat closely misses you. x2; The bat barely misses you.
Are you sure you want to abandon this character and quit the game? (Confirm with "yes".)

# #.#
##.#.#[#.###..# #
#.# #.÷..........#
####.#
###.#.#.####.#
...†.# #.#.#.# .#
.############.#.#.#
................#.#
..###########.###.#
.....##...<...###.#
#...............@#.
#..#.##.#########b#
#(.#.##.# .#
...#.##.#########.#
#..#.##.#.........#
#.........#########
##.#.##.###
##.#.##.# .....##.#


You could see a bat.

Vanquished Creatures
  2 adders (D:2)
  A worm (D:2)
  2 dart slugs
  4 bats (D:1)
  3 endoplasms (D:1)
  A giant cockroach (D:1)
  4 hobgoblins (D:1)
  4 ball pythons (D:1)
  2 frilled lizards
  4 rats
27 creatures vanquished.

Notes
Turn   | Place    | Note
-------+----------+-------------------------------------------
     0 | D:1      | Ofeo the Demonspawn Wanderer began the quest for the Orb.
     0 | D:1      | Ofeo set off with the following items: a +0 club, a scroll
                  | of blinking {@r4}, a +2 leather armour, a potion of curing
                  | {@q1}; and the following spells available to memorise:
                  | Wereblood, Passwall.
     0 | D:1      | Reached XP level 1. HP: 13/13 MP: 2/2
     1 | D:1      | Found a runed translucent door.
    62 | D:1      | Reached skill level 1 in Fighting
    97 | D:1      | Gained mutation: You are partially covered in yellow
                  | scales. (AC +2) [demonic ancestry]
    97 | D:1      | Reached XP level 2. HP: 22/22 MP: 3/3
   705 | D:2      | Gained mutation: You have large cloven feet. [demonic
                  | ancestry]
   705 | D:2      | Reached XP level 3. HP: 28/28 MP: 4/4
   711 | D:2      | Found a faded altar of an unknown god.
  1021 | D:2      | Quit the game

Illustrated notes

Levels and vault maps discovered:
D:1:      dpeg_arrival_caged_fury, layout_rooms, serial_glass, glass_columns_a,
          glass_columns_c, feat_on_display, glass_columns_c,
          hangedman_abyss_or_decor_lesser_grid
D:2:      layout_loops_ring, ebering_ecumenical_altar_abandoned

Skill      XL: |  1  2  3 |
---------------+----------+-----
Fighting       | 1 2 3 |  3.2
Throwing       | |  1.0
Dodging        | |  3.6
Spellcasting   | |  1.0
Transmutations | |  2.6
Evocations     | |  1.0

Action                     || total
---------------------------++-------
  Melee: Club              ||    68
         Punch             ||     3
         Mace              ||    45
         Kick              ||     8
  Throw: Boomerang         ||     3
    Use: Scroll            ||     3
 Armour: Leather armour    ||    68
  Dodge: Dodged            ||   115

Table legend: (Time is in decaauts)
 A = Elapsed time spent in this place.
 B = Non-inter-level travel time spent in this place.
 C = Inter-level travel time spent in this place.
 D = Time resting spent in this place.
 E = Time spent auto-exploring this place.
 F = Levels seen in this place.
 G = Mean time per level.
                   A        B        C        D        E       F      G
               +--------+--------+--------+--------+--------+-----+--------+
         Total |   1059 |   1029 |     30 |      0 |    737 |   2 |  529.5 |
       Dungeon |   1059 |   1029 |     30 |      0 |    737 |   2 |  529.5 |
               +--------+--------+--------+--------+--------+-----+--------+

Top non-repeatable levels by time:
     D:1: 645 daAuts
     D:2: 413 daAuts
